 Dungeon Crawl Stone Soup version 0.17-a0-1310-gaf4f4d6 (webtiles) character file.

341921 Chiseanne the Unseen (level 21, -2/100 HPs)
             Began as a Spriggan Enchanter on June 7, 2015.
             Was an Initiate of Gozag.
             Killed from afar by a fire giant (20 damage)
             ... with a bolt of fire
             ... on level 1 of the Depths on June 8, 2015.
             The game lasted 06:57:58 (73580 turns).

Chiseanne the Unseen (Spriggan Enchanter)          Turns: 73580, Time: 06:57:58

Health: -2/100     AC: 31    Str:  4    XL:     21   Next: 10%
Magic:  36/45      EV: 24    Int: 23    God:    Gozag
Gold:   8065       SH: 13    Dex: 26    Spells: 14 memorised, 4 levels left

rFire  . . .     SeeInvis +     a - +11 rapier "Heneluag" {venom, Dex+4}
rCold  + . .     Clarity  .     i - quicksilver dragon armour of the Valley of Death {+Fly MR+}
rNeg   + . .     SustAt   .     e - +3 buckler {AC+3}
rPois  +         Gourm    .     F - +2 hat {MR+}
rElec  .         Spirit   .     h - +2 cloak {+Inv}
rCorr  .         Warding  .     (gloves unavailable)
rMut   .         Stasis   .     (boots unavailable)
MR     +++++                    (no amulet)
Stlth  ++++++++..               c - ring of Greed {rPois rC+ rN+ MP+9 Int+2}
                                j - ring of Robustness {AC+8}

@: about to teleport, controlling teleports, very slightly contaminated, repel
missiles, invisible (expiring), very quick, almost entirely resistant to hostile
enchantments, extraordinarily stealthy
A: unfitting armour, see invisible, herbivore 3, speed 3, slow metabolism 2
a: Potion Petition, Call Merchant, Bribe Branch, Renounce Religion, Turn
Visible, Evoke Flight
}: 2/15 runes: serpentine, barnacled


You were on level 1 of the Depths.
You worshipped Gozag.
Gozag was noncommittal.
You were full.

You visited 9 branches of the dungeon, and saw 44 of its levels.
You visited 1 bazaar.
You also visited: Labyrinth.

You collected 21888 gold pieces.
You spent 10857 gold pieces at shops.
You paid 2966 gold pieces to Gozag.

Inventory:

Hand weapons
 a - the +11 rapier "Heneluag" (weapon) {venom, Dex+4}
   (You bought it in a shop on level 4 of the Orcish Mines)

   It poisons the flesh of those it strikes.
   It affects your dexterity (+4).
 d - the +3 dagger of Xehaumir {drain, rElec}
   (You took it off a naga warrior on level 4 of the Snake Pit)

   A truly terrible weapon, it drains the life of those it strikes.
   It insulates you from electricity.
 s - the +8 rapier of Death's Door {flame, rPois rN+ Str+9}
   (You found it on level 3 of the Elven Halls)

   It has been specially enchanted to burn those struck by it, causing extra
   injury to most foes and up to half again as much damage against particularly
   susceptible opponents.
   It affects your strength (+9).
   It protects you from poison.
   It protects you from negative energy.
 w - a +4 blowgun
Missiles
 n - 4 curare-tipped needles
 t - 136 poisoned needles
 X - 9 needles of confusion
Armour
 e - a +3 buckler of protection (worn)
 h - a +2 cloak of invisibility (worn)
 i - the quicksilver dragon armour of the Valley of Death (worn) {+Fly MR+}
   (You acquired it on level 1 of the Lair of Beasts)

   It affects your resistance to hostile enchantments.
   It lets you fly.
 F - a +2 hat of magic resistance (worn)
Rods
 x - a +7 iron rod (13/13)
   (You found it in a labyrinth)
 y - a +4 lightning rod (13/13)
   (You found it in a labyrinth)
Jewellery
 c - the ring of Greed (right hand) {rPois rC+ rN+ MP+9 Int+2}
   (You found it on level 8 of the Lair of Beasts)

   [ring of protection from cold]

   It affects your intelligence (+2).
   It protects you from cold.
   It protects you from poison.
   It protects you from negative energy.
   It affects your magic capacity (+9).
 j - the ring of Robustness (left hand) {AC+8}
   (You bought it in a shop on level 4 of the Orcish Mines)

   [ring of protection]

   It affects your AC (+8).
 r - an uncursed amulet of resist corrosion
 z - an uncursed ring of teleportation
Magical devices
 H - a wand of disintegration (7)
 I - a wand of heal wounds (5)
 M - a wand of heal wounds (6)
 O - a wand of disintegration (6)
Scrolls
 b - 6 scrolls of fog
 g - 14 scrolls of identify
 o - 7 scrolls of recharging
 D - 3 scrolls of blinking
 E - 14 scrolls of remove curse
 G - 14 scrolls of teleportation
 J - 2 scrolls of magic mapping
 N - a scroll of amnesia
 Y - a scroll of summoning
Potions
 p - a potion of invisibility
 q - 3 potions of brilliance
 u - 17 potions of curing
 B - 2 potions of magic
 K - 2 potions of haste
 L - a potion of agility
 P - 2 potions of flight
 T - 3 potions of cancellation
 V - 2 potions of resistance
 W - a potion of might
Books
 f - a book of Spatial Translocations

   Spells                             Type                      Level
   a - Apportation                    Translocation                1
   b - Blink                          Translocation                2
   c - Shroud of Golubria             Charms/Translocation         2
   d - Portal Projectile              Translocation                3
   e - Teleport Other                 Translocation                3
   f - Passage of Golubria            Translocation                4
 R - a book of the Dragon

   Spells                             Type                      Level
   a - Flame Tongue                   Conjuration/Fire             1
   b - Cause Fear                     Hexes                        4
   c - Bolt of Fire                   Conjuration/Fire             6
   d - Dragon Form                    Transmutation                7
   e - Dragon's Call                  Summoning                    9
Miscellaneous
 k - a box of beasts
 l - a lamp of fire
 m - a fan of gales
 v - a lamp of fire
 C - a legendary deck of changes {the Alchemist}
Comestibles
 A - 8 bread rations


   Skills:
 * Level 7.3 Fighting
 - Level 14.0 Short Blades
 - Level 14.5 Armour
 * Level 14.7 Dodging
 - Level 19.4 Stealth
 - Level 8.0 Shields
 * Level 10.4 Spellcasting
 - Level 10.6 Hexes
 - Level 6.2 Charms
 - Level 16.1 Translocations
 - Level 14.0 Air Magic
 - Level 3.4 Poison Magic
 - Level 14.3 Evocations


You had 4 spell levels left.
You knew the following spells:

 Your Spells              Type           Power        Failure   Level  Hunger
a - Ensorcelled Hibernat  Hex/Ice        #####.       3%          2    None
b - Confuse               Hex            ######..     1%          3    None
c - Dazzling Spray        Conj/Hex       #####...     10%         3    None
d - Tukima's Dance        Hex            ######..     1%          3    None
e - Swiftness             Chrm/Air       ######..     1%          2    None
f - Mephitic Cloud        Conj/Pois/Air  #####...     8%          3    None
g - Blink                 Tloc           N/A          1%          2    None
h - Apportation           Tloc           ######....   1%          1    None
i - Control Teleport      Chrm/Tloc      ######....   1%          4    #......
j - Shroud of Golubria    Chrm/Tloc      ######....   1%          2    None
k - Repel Missiles        Chrm/Air       ######       1%          2    None
l - Cure Poison           Pois           ####......   8%          2    None
m - Gell's Gravitas       Hex/Tloc       ######....   1%          3    None
o - Cause Fear            Hex            ######....   2%          4    #......


Dungeon Overview and Level Annotations

Branches:
Dungeon (15/15)            Temple (1/1) D:7            Lair (8/8) D:8
 Shoals (4/4) Lair:5        Snake (4/4) Lair:5        Slime (0/6) Lair:7
    Orc (4/4) D:9             Elf (3/3) Orc:4        Vaults (4/5) D:13
  Crypt (0/3) Vaults:3     Depths (1/5) D:15

Altars:
Ashenzari
Cheibriados
Dithmenos
Elyvilon
Fedhas
Gozag
Kikubaaqudgha
Makhleb
Nemelex Xobeh
Okawaru
Qazlal
Ru
Sif Muna
Trog
Vehumet
Xom
Yredelemnul
Zin
The Shining One
Beogh
Jiyva

Shops:
D:8 }   D:12 (   D:13 ?   D:14 *   D:15 :   Orc:4 [(*=   Vaults:2 [

Portals:
Hell: Depths:1

Annotations:
D:2 Natasha
D:14 Maud
Snake:1 Aizul
Snake:3 Mara
Snake:4 exclusion: upstairs
Elf:2 3 runed doors
Vaults:2 Boris, Wiglaf


Innate Abilities, Weirdness & Mutations

You are tiny and cannot use many weapons and most armour.
You have supernaturally acute eyesight.
You are a herbivore.
You cover ground extremely quickly.
You need consume almost no food.


Message History

You feel in control.
You feel your translocation being delayed.
You flicker for a moment.
The fire dragon is no longer distracted by gold.
The fire giant casts a spell at you. The bolt of fire misses you.
You hear a shout!
The iron dragon breathes metal splinters at you.
The spray of metal splinters misses you.
You hear a shout! x4
The fire giant gestures at you while chanting.
The fireball explodes!
The fireball engulfs you!
* * * LOW HITPOINT WARNING * * *
You hear a shout!
Drink which item? (? for menu, Esc to quit)
You feel much better.
The fire giant gestures at you while chanting.
The bolt of fire hits you!
You die...
Your body crumbles into a pile of gold.

### #.# #### ##.# ### ##..#
### ####..###.## ##.#.#
#.## ##..........###..###
...###.#........@.......#
......##......D.........#
......##................###
..........................#
''''''''''§§§C..........###
' ++++'+'.#§§..........#
'+'+'D'+''.#cu§.........###
' +.c.$$'C................#
' +.?c$$''.###...........##


You could see an iron dragon, a green very ugly thing (wandering), a fire giant
and a yaktaur captain.

Vanquished Creatures
  Norris (Snake:4)
  Vashnia (Snake:4)
  2 deep elf master archers (Elf:3)
  2 deep elf blademasters (Elf:3)
  6 sphinxes
  Agnes (Snake:1)
  4 greater nagas
  Kirke (Lair:6)
  A tengu reaver (Vaults:4)
  A frost giant (Depths:1)
  3 vault wardens
  Louise (Snake:1)
  11 deep elf sorcerers
  12 ironheart preservers
  The ghost of ninjanymous the Cleaver, a powerful MiBe of Trog (D:14)
  3 very ugly things (Depths:1)
  3 stone giants
  7 deep elf demonologists
  9 deep elf annihilators
  5 merfolk javelineers (Shoals:4)
  2 vault guards
  2 fire dragons
  6 deep elf death magi
  2 merfolk impalers
  An ettin (Depths:1)
  An entropy weaver (Depths:1)
  6 ogre magi
  5 great orbs of eyes
  3 jiangshi (Depths:1)
  2 rakshasas
  A minotaur (Lab)
  2 deep elf high priests (Elf:3)
  3 ice dragons
  5 yaktaur captains
  14 naga warriors
  3 catoblepae (Lair:8)
  A merfolk avatar (Shoals:4)
  11 anacondas
  Erolcha (D:12)
  A merfolk aquamancer (Shoals:4)
  11 centaur warriors
  Erica (Orc:1)
  5 hydras
  3 dancing weapons
  A salamander stormcaller (Vaults:4)
  8 deep troll shamans
  6 deep troll earth magi (Depths:1)
  25 death yaks
  A vampire mage (Depths:1)
  14 naga sharpshooters
  The ghost of espenoss the Destroyer, a powerful DEWz of Vehumet (D:11)
  5 shock serpents
  4 iron golems (D:8)
  2 orc high priests
  2 iron trolls (Depths:1)
  A soul eater (Depths:1)
  2 wizards
  4 naga ritualists (Snake:4)
  3 shadow wraiths
  10 naga magi
  A fire crab (Lair:7)
  12 deep elf knights
  A salamander mystic (Snake:4)
  5 unseen horrors
  5 sea snakes
  21 deep trolls
  A fire crab (shapeshifter) (Vaults:1)
  2 giant orange brains
  An unseen horror (shapeshifter) (Vaults:1)
  A flayed ghost (Vaults:2)
  A swamp dragon (shapeshifter) (Elf:3)
  Pikel (D:4)
  15 deep elf summoners
  3 hill giants
  13 orc knights
  A lindwurm (shapeshifter) (Depths:1)
  52 ugly things
  4 ironbrand convokers
  8 harpies
  A griffon (shapeshifter) (Vaults:1)
  2 necromancers
  7 deep elf conjurers
  7 mana vipers
  8 orc sorcerers
  3 wolf spiders
  A faun (Shoals:1)
  3 guardian serpents (Snake:4)
  9 griffons
  2 water nymphs
  2 manticores
  A manticore (shapeshifter) (Elf:1)
  11 salamanders
  3 cyclopes
  4 vault sentinels
  11 elephants
  An elephant (shapeshifter) (Depths:1)
  A siren (Shoals:1)
  Joseph (Lair:1)
  29 black mambas
  A hornet (Vaults:1)
  2 torpor snails (Lair:5)
  14 spiny frogs
  A gargoyle (D:13)
  An efreet (D:14)
  9 komodo dragons
  A kobold demonologist (D:11)
  31 yaktaurs
  2 fire drakes (Lair:8)
  3 deep elf priests
  5 wandering mushrooms
  15 trolls
  A redback zombie (D:14)
  2 tengu conjurers
  3 freezing wraiths
  4 merfolk (Shoals:4)
  3 jumping spiders
  2 wind drakes (Shoals:4)
  8 two-headed ogres
  4 polar bears (Lair:5)
  Grinder (D:3)
  6 boulder beetles
  A blink frog (shapeshifter) (D:13)
  A wind drake (shapeshifter) (Vaults:2)
  28 slime creatures
  6 ravens
  5 snapping turtles
  A trapdoor spider (shapeshifter) (Vaults:3)
  9 redbacks
  A flying skull (Vaults:3)
  3 wyverns
  A vampire (Vaults:3)
  2 basilisks
  20 deep elf magi
  3 wraiths
  2 tarantellas
  Eustachio (D:4)
  58 yaks
  6 hungry ghosts
  A shadow (D:13)
  Grum (D:10)
  7 wolves
  10 hippogriffs
  2 mottled dragons
  23 vampire mosquitoes
  25 deep elf fighters
  5 hogs (Lair:6)
  13 nagas
  4 insubstantial wisps
  A soldier ant (shapeshifter) (Vaults:3)
  9 wargs
  2 soldier ants
  A slave (D:4)
  7 sky beasts
  13 water moccasins
  A black bear (D:6)
  6 porcupines
  A necrophage (D:8)
  29 orc warriors
  A wasp (Lair:3)
  An eye of draining (shapeshifter) (Vaults:2)
  5 ice beasts
  12 crocodiles
  16 boggarts
  17 ogres
  A big kobold (shapeshifter) (D:15)
  3 big kobolds (D:8)
  4 centaurs
  20 giant frogs
  A wyvern zombie (D:7)
  7 scorpions
  A wyvern skeleton (D:13)
  6 killer bees
  3 wights
  8 electric eels
  A giant frog zombie (D:11)
  6 crimson imps
  8 centaur skeletons
  2 human simulacra (Vaults:3)
  5 jellies
  6 centaur zombies
  10 hounds
  40 orc wizards
  21 orc priests
  2 quasits
  2 giant frog skeletons
  Terence (D:2)
  A polar bear simulacrum (Lair:6)
  Natasha (D:2)
  13 hell rats
  8 iguanas
  35 sheep
  9 worker ants
  3 yak simulacra (Lair:6)
  4 wolf simulacra (Lair:6)
  A killer bee zombie (D:8)
  An elf simulacrum (Vaults:1)
  A hound zombie (D:10)
  A hound skeleton (D:5)
  Robin (D:4)
  42 river rats
  15 adders
  6 gnolls
  4 shadow imps
  3 oozes
  An adder zombie (D:8)
  3 worms
  8 giant geckos
  144 orcs
  13 bats
  A bat skeleton (D:4)
  4 giant cockroaches
  25 goblins
  30 hobgoblins
  14 jackals
  25 kobolds
  A ball python (D:3)
  A giant cockroach zombie (D:5)
  A giant gecko skeleton (D:4)
  9 giant newts
  5 quokkas
  23 rats
  3 river rat simulacra (Lair:6)
  A fungus (Orc:4)
  A plant (Lair:8)
1611 creatures vanquished.

Vanquished Creatures (collateral kills)
  Saint Roka (Snake:4)
  A fire giant (Vaults:4)
  A greater naga (Snake:1)
  Donald (Orc:4)
  A vault warden (Vaults:3)
  2 orc warlords
  An ironheart preserver (Vaults:3)
  3 ettins
  A vault guard (D:13)
  A yaktaur captain (Vaults:4)
  6 naga warriors
  3 ogre magi
  2 tengu warriors
  4 orc high priests
  4 naga sharpshooters
  A salamander mystic (Snake:4)
  4 naga ritualists
  3 deep elf knights
  3 deep elf summoners
  A hill giant (D:15)
  2 deep elf conjurers (Elf:3)
  A griffon (Vaults:4)
  4 ironbrand convokers
  8 orc knights
  A necromancer (D:15)
  2 orc sorcerers (Orc:4)
  3 black mambas (Snake:4)
  3 salamanders
  10 naga magi
  2 guardian serpents
  8 vault sentinels
  A storm dragon simulacrum (Vaults:2)
  A spiny frog (shapeshifter) (Vaults:4)
  2 trolls
  A tengu conjurer (D:13)
  A merfolk (Shoals:1)
  3 deep elf priests
  9 two-headed ogres
  2 ravens (D:15)
  A slime creature (Vaults:1)
  5 deep elf magi
  A boulder beetle (Vaults:3)
  A yak (D:11)
  2 humans
  33 nagas
  A vampire mosquito (Vaults:1)
  8 deep elf fighters
  A warg (Vaults:4)
  A wolf (D:10)
  29 orc warriors
  20 ogres
  A wyvern skeleton (D:11)
  6 wights (D:11)
  11 orc priests
  14 orc wizards
  Crazy Yiuf (D:2)
  3 gnolls (D:11)
  104 orcs
  3 kobolds
  3 goblins
357 creatures vanquished.

Vanquished Creatures (others)
  A naga sharpshooter (Snake:4)
  53 dancing weapons
  A wind drake (Shoals:1)
  A deep elf mage (Elf:1)
  A deep elf fighter (Vaults:3)
  3 kobolds (D:8)
  12 fungi
  A plant (Lair:3)
73 creatures vanquished.

Grand Total: 2041 creatures vanquished

Notes
Turn   | Place    | Note
--------------------------------------------------------------
     0 | D:1      | Chiseanne the Spriggan Enchanter began the quest for the Orb.
     0 | D:1      | Reached XP level 1. HP: 9/9 MP: 5/5
   214 | D:1      | Reached XP level 2. HP: 13/13 MP: 6/6
   218 | D:1      | Learned a level 2 spell: Ensorcelled Hibernation
   296 | D:1      | Reached skill level 5 in Stealth
   616 | D:1      | Reached XP level 3. HP: 2/16 MP: 2/8
  1331 | D:2      | Reached skill level 6 in Stealth
  1420 | D:2      | Reached XP level 4. HP: 19/21 MP: 6/9
  1750 | D:2      | Noticed Natasha
  1757 | D:2      | Killed Natasha
  1808 | D:2      | Noticed Terence
  1820 | D:2      | Killed Terence
  1820 | D:2      | Reached skill level 7 in Stealth
  1820 | D:2      | Reached XP level 5. HP: 22/24 MP: 6/11
  1929 | D:2      | Noticed Natasha
  2228 | D:2      | Learned a level 3 spell: Confuse
  2232 | D:2      | Learned a level 3 spell: Tukima's Dance
  2235 | D:2      | Noticed Crazy Yiuf
  2271 | D:2      | Killed Crazy Yiuf
  2681 | D:3      | Noticed Grinder
  2689 | D:3      | Killed Grinder
  2689 | D:3      | Reached skill level 5 in Spellcasting
  2689 | D:3      | Reached skill level 5 in Hexes
  2689 | D:3      | Reached skill level 1 in Evocations
  2689 | D:3      | Reached XP level 6. HP: 15/28 MP: 3/14
  3015 | D:3      | Found a bloodstained altar of Trog.
  3732 | D:4      | Noticed Eustachio
  3856 | D:4      | Noticed Robin
  4142 | D:4      | Killed Robin
  4149 | D:4      | Reached XP level 7. HP: 29/32 MP: 7/16
  4276 | D:4      | Killed Eustachio
  4930 | D:4      | Noticed Pikel
  4981 | D:4      | Killed Pikel
  4981 | D:4      | Reached XP level 8. HP: 14/36 MP: 3/20
  5649 | D:5      | Entered Level 5 of the Dungeon
  5652 | D:5      | Found an opulent altar of Gozag.
  5656 | D:5      | Found a shadowy altar of Dithmenos.
  5657 | D:5      | Found a sparkling altar of Nemelex Xobeh.
  5663 | D:5      | Became a worshipper of Gozag Ym Sagoz the Greedy
  5695 | D:5      | Reached skill level 8 in Spellcasting
  5779 | D:5      | Learned a level 3 spell: Dazzling Spray
  5941 | D:5      | Found a snail-covered altar of Cheibriados.
  6390 | D:5      | Reached skill level 5 in Evocations
  6674 | D:5      | Found a stormy altar of Qazlal.
  7197 | D:6      | Found a bloodstained altar of Trog.
  7776 | D:7      | Reached XP level 9. HP: 39/39 MP: 12/22
  7874 | D:7      | Reached skill level 9 in Evocations
  7908 | D:7      | Found a staircase to the Ecumenical Temple.
  7917 | Temple   | Entered the Ecumenical Temple
  8303 | D:7      | Reached skill level 10 in Evocations
  8919 | D:8      | Found Xiofiase's Gadget Boutique.
  8932 | D:8      | Reached skill level 11 in Evocations
  8960 | D:8      | Bought a wand of heal wounds (1) for 450 gold pieces
  9035 | D:8      | Found a staircase to the Lair.
  9145 | D:8      | Reached skill level 12 in Evocations
  9650 | D:8      | Reached skill level 13 in Evocations
 10126 | D:8      | Reached XP level 10. HP: 44/44 MP: 9/23
 10812 | Lair:1   | Entered Level 1 of the Lair of Beasts
 11005 | D:8      | Found a deep blue altar of Sif Muna.
 11019 | D:8      | Reached skill level 14 in Evocations
 11333 | D:8      | Found a glowing silver altar of Zin.
 11361 | D:8      | Reached skill level 5 in Dodging
 12541 | D:9      | Found a staircase to the Orcish Mines.
 12765 | D:9      | Reached skill level 10 in Dodging
 12841 | Orc:1    | Entered Level 1 of the Orcish Mines
 12855 | Orc:1    | Noticed Erica
 12870 | Orc:1    | Killed Erica
 13050 | Orc:1    | Found a roughly hewn altar of Beogh.
 13716 | Orc:2    | Reached XP level 11. HP: 38/47 MP: 24/24
 14616 | Orc:2    | Reached skill level 10 in Stealth
 15786 | Orc:4    | Entered Level 4 of the Orcish Mines
 15827 | Orc:4    | Noticed an orc warlord
 16854 | Orc:3    | Found a burning altar of Makhleb.
 18435 | Orc:4    | Paralysed by an orc sorcerer for 5 turns
 18787 | Orc:4    | Killed an orc warlord
 18896 | Orc:4    | Paralysed by an orc sorcerer for 4 turns
 18906 | Orc:4    | Reached skill level 15 in Stealth
 18929 | Orc:4    | Found Kevyos's Jewellery Shop.
 19085 | Orc:4    | Bought a cursed amulet of inaccuracy for 30 gold pieces
 19085 | Orc:4    | Bought the ring of Robustness {AC+8} for 1920 gold pieces
 19161 | Orc:4    | Bought the amulet of Bezxiyhi {Clar rF+ rC++ MR+ Int-5} for 699 gold pieces
 19166 | Orc:4    | Bought an uncursed ring of poison resistance for 300 gold pieces
 19178 | Orc:4    | Bought the ring "Ytosive" {Fire rPois Str+6} for 732 gold pieces
 19337 | Orc:4    | Noticed an orc high priest
 19467 | Orc:4    | Killed an orc high priest
 19524 | Orc:4    | Reached XP level 12. HP: 51/51 MP: 11/25
 19647 | Orc:4    | Found Faedisil's General Store.
 19657 | Orc:4    | Bought a scroll of enchant weapon for 90 gold pieces
 19657 | Orc:4    | Bought a potion of flight for 36 gold pieces
 19838 | Orc:4    | Noticed an orc high priest
 19988 | Orc:4    | Noticed an orc high priest
 20365 | Orc:4    | Noticed an orc high priest
 20372 | Orc:4    | Killed an orc high priest
 20372 | Orc:4    | Reached skill level 16 in Stealth
 20459 | Orc:4    | Found Hybo's Antique Armour Emporium.
 20469 | Orc:4    | Bought a runed robe for 21 gold pieces
 20469 | Orc:4    | Bought a glowing robe for 21 gold pieces
 21181 | Orc:4    | Noticed Donald
 21187 | Orc:4    | Killed an orc high priest
 21202 | Orc:4    | Killed Donald
 21202 | Orc:4    | Reached skill level 5 in Short Blades
 21629 | Orc:4    | Killed an orc high priest
 21788 | Orc:4    | Found Ajukk's Antique Weapon Shop.
 21806 | Orc:4    | Bought a transparent rapier for 252 gold pieces
 21807 | Orc:4    | Identified the +11 rapier "Heneluag" {venom, Dex+4} (You bought it in a shop on level 4 of the Orcish Mines)
 21813 | Orc:4    | Found a staircase to the Elven Halls.
 21844 | Orc:4    | Reached skill level 17 in Stealth
 22299 | Lair:1   | Noticed Joseph
 22390 | Lair:1   | Killed Joseph
 24108 | Lair:3   | Found a labyrinth entrance.
 24114 | Lab      | Entered a labyrinth
 24491 | Lab      | Noticed a minotaur
 24495 | Lab      | Killed a minotaur
 24780 | Lair:3   | Reached XP level 13. HP: 55/55 MP: 24/26
 25079 | Lair:3   | Reached skill level 10 in Short Blades
 26218 | Lair:5   | Found a staircase to the Snake Pit.
 26556 | Lair:5   | Found a staircase to the Shoals.
 27884 | Lair:6   | Noticed Kirke
 27894 | Lair:6   | Killed Kirke
 28301 | Lair:6   | Reached skill level 1 in Fighting
 28609 | Lair:7   | Found a runed door.
 28610 | Lair:7   | Found a viscous altar of Jiyva.
 28612 | Lair:7   | Found a staircase to the Slime Pits.
 28868 | Lair:7   | Reached XP level 14. HP: 41/61 MP: 24/27
 29342 | Lair:8   | Entered Level 8 of the Lair of Beasts
 29343 | Lair:8   | Reached skill level 18 in Stealth
 30045 | Lair:8   | Gained mutation: You are weak. (Str -2) [mutagenic glow]
 30355 | Lair:8   | Got a wavering amber ring
 30356 | Lair:8   | Identified the ring of Greed {rPois rC+ rN+ MP+9 Int+2} (You found it on level 8 of the Lair of Beasts)
 30518 | Lair:8   | Reached skill level 5 in Fighting
 31571 | Lair:1   | Upgraded the game from 0.17-a0-1295-gefc790a to 0.17-a0-1310-gaf4f4d6
 31651 | D:8      | Noticed an iron golem
 31651 | D:8      | Noticed an iron golem
 31651 | D:8      | Noticed an iron golem
 31651 | D:8      | Noticed an iron golem
 31657 | D:8      | Killed an iron golem
 31662 | D:8      | Killed an iron golem
 31662 | D:8      | Reached skill level 19 in Stealth
 31662 | D:8      | Reached XP level 15. HP: 73/73 MP: 27/29
 31668 | D:8      | Killed an iron golem
 31676 | D:8      | Killed an iron golem
 31856 | D:10     | Entered Level 10 of the Dungeon
 31866 | D:10     | Learned a level 3 spell: Ozocubu's Armour
 31947 | D:10     | Learned a level 2 spell: Repel Missiles
 32117 | D:10     | Reached skill level 10 in Hexes
 32148 | D:10     | Noticed Grum
 32212 | D:10     | Killed Grum
 32231 | D:10     | Lost mutation: You are weak. (Str -2) [potion of cure mutation]
 33243 | D:11     | Noticed espenoss's ghost (powerful DEWz)
 34083 | D:12     | Found Keac's Weapon Boutique.
 34521 | D:12     | Noticed Erolcha
 34559 | D:12     | Killed Erolcha
 34559 | D:12     | Reached skill level 10 in Spellcasting
 35109 | D:13     | Found Qezohec's Magic Scroll Shop.
 35156 | D:13     | Bought a scroll of recharging for 133 gold pieces
 35156 | D:13     | Bought a scroll of magic mapping for 49 gold pieces
 35156 | D:13     | Bought a scroll of identify for 28 gold pieces
 35156 | D:13     | Bought a scroll of recharging for 133 gold pieces
 35156 | D:13     | Bought a scroll of blinking for 105 gold pieces
 35156 | D:13     | Bought a scroll of summoning for 133 gold pieces
 35156 | D:13     | Bought a scroll of identify for 28 gold pieces
 35156 | D:13     | Bought a scroll of recharging for 133 gold pieces
 35156 | D:13     | Bought a scroll of brand weapon for 280 gold pieces
 35185 | D:13     | Identified a scroll of acquirement
 35268 | D:11     | Killed espenoss's ghost
 35583 | Lair:1   | Got a translucent quicksilver dragon armour
 35594 | Lair:1   | Identified the quicksilver dragon armour of the Valley of Death {+Fly MR+} (You acquired it on level 1 of the Lair of Beasts)
 35630 | Lair:1   | Got a faintly humming fire dragon armour
 35641 | Lair:1   | Identified the +0 fire dragon armour "Ypiutina" {rF++ rC- MR+ Int+5} (You acquired it on level 1 of the Lair of Beasts)
 36697 | D:13     | Reached skill level 1 in Shields
 36703 | D:13     | Found a gate to the Vaults.
 36981 | D:14     | Found Itweqyde's Assorted Antiques.
 36998 | D:14     | Bought a runed cloak for 139 gold pieces
 37346 | D:14     | Found a glowing golden altar of the Shining One.
 37394 | D:14     | Noticed Maud
 37396 | D:14     | Noticed ninjanymous's ghost (powerful MiBe)
 37497 | D:14     | Killed ninjanymous's ghost
 37995 | D:15     | Entered Level 15 of the Dungeon
 38146 | D:15     | Got a twisted trident
 38159 | D:15     | Found Ciny's Book Shoppe.
 38346 | D:15     | Reached skill level 5 in Shields
 38738 | D:15     | Found a staircase to the Depths.
 39034 | D:15     | Reached XP level 16. HP: 80/80 MP: 31/31
 39053 | D:15     | Learned a level 2 spell: Cure Poison
 39057 | D:15     | Learned a level 3 spell: Mephitic Cloud
 39575 | D:15     | Bought a manual of Translocations for 1766 gold pieces
 39575 | D:15     | Bought a book of Control for 1040 gold pieces
 39581 | D:15     | Learned a level 4 spell: Control Teleport
 39609 | D:15     | Reached skill level 1 in Translocations
 40010 | Lair:1   | Learned a level 2 spell: Blink
 40226 | Snake:1  | Entered Level 1 of the Snake Pit
 40860 | Elf:1    | Entered Level 1 of the Elven Halls
 40954 | Elf:1    | Gained mutation: You are weak. (Str -2) [mutagenic glow]
 40983 | Elf:1    | Learned a level 2 spell: Slow
 40988 | Elf:1    | Learned a level 4 spell: Cause Fear
 41158 | Elf:1    | Gained mutation: Your body sometimes deteriorates upon taking damage. [a neqoxec]
 41173 | Elf:1    | Reached skill level 1 in Armour
 41619 | Elf:1    | Noticed a Brimstone Fiend
 41624 | Elf:1    | Reached skill level 5 in Translocations
 42015 | Elf:1    | Identified the Incunabulum of the Entourage
 42502 | Elf:2    | Found a runed gate.
 42502 | Elf:2    | Found a runed gate.
 42502 | Elf:2    | Found a runed gate.
 42869 | Elf:3    | Entered Level 3 of the Elven Halls
 43309 | Elf:3    | Lost mutation: You are weak. (Str -2) [potion of cure mutation]
 43309 | Elf:3    | Lost mutation: Your body sometimes deteriorates upon taking damage. [potion of cure mutation]
 44013 | Elf:3    | Gained mutation: Armour fits poorly on your strangely shaped body. [a neqoxec]
 44240 | Elf:3    | Reached skill level 5 in Armour
 44331 | Elf:3    | Noticed a deep elf blademaster
 44358 | Elf:3    | Killed a deep elf blademaster
 44661 | Elf:3    | Noticed a deep elf blademaster
 44686 | Elf:3    | Killed a deep elf blademaster
 44923 | Elf:3    | Reached skill level 10 in Translocations
 44931 | Elf:3    | Noticed an Ice Fiend
 44960 | Elf:3    | Reached XP level 17. HP: 76/84 MP: 13/32
 45200 | Elf:3    | Got a steaming spear
 45457 | Elf:3    | Noticed a deep elf master archer
 45485 | Elf:3    | Killed a deep elf master archer
 45504 | Elf:3    | Killed a ghostly deep elf master archer
 45649 | Elf:3    | Noticed a deep elf master archer
 45690 | Elf:3    | Killed a deep elf master archer
 46022 | Elf:3    | Got an ivory rapier {flame}
 46110 | Elf:3    | Identified the +8 rapier of Death's Door {flame, rPois rN+ Str+9} (You found it on level 3 of the Elven Halls)
 46182 | Elf:3    | Identified Vehumet's Collected Works on Glacial Confrontation
 46190 | Elf:3    | Identified Sif Muna's Disquisition on Evil and Poison
 46292 | Elf:3    | Identified the Papyrus of Supportive Conjuration
 46298 | Elf:3    | Identified the Compendium of the Escort and the Traveller (You found it on level 3 of the Elven Halls)
 46639 | Lair:1   | Learned a level 2 spell: Shroud of Golubria
 47596 | Snake:1  | Noticed Agnes
 47608 | Snake:1  | Noticed Louise
 47631 | Snake:1  | Killed Agnes
 48309 | Snake:1  | Killed Louise
 48823 | Snake:1  | Noticed Aizul
 49511 | Snake:3  | Reached skill level 10 in Armour
 49793 | Snake:4  | Entered Level 4 of the Snake Pit
 50530 | Snake:3  | Noticed Mara
 51345 | Snake:4  | Got an ancient dagger
 51773 | Snake:4  | Identified the cursed +3 dagger of Xehaumir {drain, rElec} (You took it off a naga warrior on level 4 of the Snake Pit)
 52080 | Snake:4  | Reached XP level 18. HP: 84/88 MP: 19/33
 52311 | Snake:4  | Noticed Saint Roka
 52588 | Snake:4  | Killed Saint Roka
 52765 | Snake:4  | Noticed Norris
 53025 | Snake:4  | Noticed Vashnia
 55430 | Snake:4  | Killed Vashnia
 56552 | Snake:4  | Killed Norris
 56717 | Snake:4  | Got a serpentine rune of Zot
 57541 | Vaults:1 | Entered Level 1 of the Vaults
 57618 | Vaults:1 | Found a flickering gateway to a bazaar.
 57624 | Bazaar   | Entered a bazaar
 57629 | Bazaar   | Found Plog's Assorted Antiques.
 57631 | Bazaar   | Found Zipaguz's Jewellery Shop.
 57637 | Bazaar   | Bought a scroll labeled DYDDERR FIUHYS for 35 gold pieces
 57637 | Bazaar   | Bought a scroll of identify for 70 gold pieces
 57637 | Bazaar   | Bought a scroll of identify for 70 gold pieces
 57637 | Bazaar   | Bought a fizzy red potion for 31 gold pieces
 57637 | Bazaar   | Bought a scroll of magic mapping for 122 gold pieces
 57665 | Bazaar   | Found Qiloysal's Antique Armour Shoppe.
 57673 | Bazaar   | Found Qorgh's Jewellery Boutique.
 57681 | Bazaar   | Bought a cursed -5 ring of slaying for 22 gold pieces
 57778 | Bazaar   | Bought the ring "Tewnaaf" {SustAt +Fly} for 292 gold pieces
 57778 | Bazaar   | Bought the amulet of the Air {Inacc +Fly rElec EV+5 RMsl} for 523 gold pieces
 57778 | Bazaar   | Bought an uncursed amulet of resist mutation for 440 gold pieces
 57830 | Bazaar   | Bought a +2 ring of evasion for 110 gold pieces
 57830 | Bazaar   | Bought an uncursed amulet of regeneration for 330 gold pieces
 57979 | Vaults:1 | Reached skill level 15 in Translocations
 58673 | Vaults:1 | Reached XP level 19. HP: 82/92 MP: 34/34
 59813 | Vaults:2 | Found Daddiawnie's Antique Armour Shoppe.
 59821 | Vaults:2 | Bought a spiked buckler for 294 gold pieces
 59839 | Vaults:2 | Identified the cursed +0 buckler of the Stars {Str+3} (You bought it in a shop on level 2 of the Vaults)
 59855 | Vaults:2 | Noticed Boris
 60215 | Vaults:2 | Noticed Wiglaf
 60707 | Vaults:2 | Reached skill level 1 in Charms
 61139 | Vaults:2 | Got a fine tin ring
 61141 | Vaults:2 | Identified the ring of Untruth {+cTele rF+ rN+ Slay-2} (You found it on level 2 of the Vaults)
 61549 | Lair:1   | Learned a level 2 spell: Swiftness
 61560 | Lair:1   | Learned a level 3 spell: Gell's Gravitas
 62035 | Vaults:2 | Reached skill level 5 in Charms
 62540 | Vaults:2 | Reached skill level 1 in Air Magic
 63077 | Vaults:3 | Lost mutation: Armour fits poorly on your strangely shaped body. [potion of cure mutation]
 63236 | Vaults:3 | Found a staircase to the Crypt.
 63841 | Vaults:3 | Reached skill level 5 in Air Magic
 65670 | Vaults:4 | Reached XP level 20. HP: 97/97 MP: 22/35
 67024 | Vaults:4 | Reached skill level 10 in Air Magic
 68442 | Shoals:1 | Entered Level 1 of the Shoals
 69039 | Shoals:4 | Entered Level 4 of the Shoals
 69482 | Shoals:4 | Got a barnacled rune of Zot
 70299 | Depths:1 | Entered Level 1 of the Depths
 70303 | Depths:1 | Found a huge runed gate.
 70303 | Depths:1 | Found a huge runed gate.
 70690 | Depths:1 | Learned a level 1 spell: Apportation
 71393 | Depths:1 | Found a huge runed gate.
 71393 | Depths:1 | Found a huge runed gate.
 71393 | Depths:1 | Found a huge runed gate.
 71429 | Depths:1 | Found a huge runed gate.
 71430 | Depths:1 | Found a huge runed gate.
 71431 | Depths:1 | Found a huge runed gate.
 71431 | Depths:1 | Found a huge runed gate.
 71432 | Depths:1 | Found a huge runed gate.
 71433 | Depths:1 | Found a huge runed gate.
 71434 | Depths:1 | Found a huge runed gate.
 71435 | Depths:1 | Found a huge runed gate.
 71436 | Depths:1 | Found a huge runed gate.
 71437 | Depths:1 | Found a huge runed gate.
 71438 | Depths:1 | Found a huge runed gate.
 71593 | Depths:1 | Found a huge runed gate.
 71593 | Depths:1 | Found a huge runed gate.
 71593 | Depths:1 | Found a huge runed gate.
 71594 | Depths:1 | Found a huge runed gate.
 71595 | Depths:1 | Found a huge runed gate.
 71596 | Depths:1 | Found a huge runed gate.
 71597 | Depths:1 | Found a huge runed gate.
 71602 | Depths:1 | Found a huge runed gate.
 71602 | Depths:1 | Found a huge runed gate.
 71602 | Depths:1 | Found a huge runed gate.
 71602 | Depths:1 | Found a huge runed gate.
 71603 | Depths:1 | Found a huge runed gate.
 71614 | Depths:1 | Found a huge runed gate.
 71614 | Depths:1 | Found a huge runed gate.
 71648 | Depths:1 | Found a huge runed gate.
 71648 | Depths:1 | Found a huge runed gate.
 71648 | Depths:1 | Found a huge runed gate.
 71648 | Depths:1 | Found a huge runed gate.
 72161 | Depths:1 | Found a gateway to Hell.
 72969 | Depths:1 | Reached XP level 21. HP: 89/100 MP: 24/36
 73111 | Depths:1 | Reached skill level 1 in Poison Magic
 73580 | Depths:1 | Killed from afar by a fire giant

Vault maps used:
D:1:      minmay_arrival_arboretum_large
D:2:      uniq_crazy_yiuf_cottage, uniq_terence, uniq_natasha
D:3:      bloody_trog, minmay_unequal, uniq_grinder
D:4:      first_bread, uniq_eustachio, uniq_pikel, uniq_robin
D:5:      cheibrodos_worm_habitat, gammafunk_temple_overflow_forgotten,
          lemuel_coloured_pillars_altar
D:6:      trog_three_pillars_becter
D:7:      minmay_temple_entry_nine_rooms
D:8:      cheibrodos_stairvault_heist, kennysheep_little_box, zin_academy,
          erik_lair_island, serial_shops, nicolae_shop_statue_plus
D:9:      david_orc_4
D:10:     uniq_grum
D:11:     grunt_livestock
D:12:     serial_column_ruins, column_ruins_hut_pillars,
          column_ruins_courtyard_long, column_ruins_open_tiny,
          column_ruins_corridor_plus, column_ruins_open_small,
          column_ruins_columns_dead_end, column_ruins_open_medium,
          column_ruins_grid_1, column_ruins_open_medium, uniq_erolcha
D:13:     grunt_vaults_entry_fortified
D:14:     tso_metal_star, serial_shops, nicolae_shop_overgrown_old_shop,
          minmay_misc_feat_doors, uniq_maud
D:15:     grunt_enter_depths_magical_seal, hangedman_decor_growths
Temple:   triangle_lava_temple_11
Lair:1:   minivault_19, columned_hall_lemuel, serial_bayou_crossing, uniq_joseph
Lair:2:   lemuel_fruit_tree
Lair:3:   lab_entry_generic, infiniplex_staircase_pool
Lair:5:   gammafunk_lair_bear_cave, minmay_shoals_entry_hut,
          minmay_snake_entry_guardpost_small
Lair:6:   nicolae_quartered_pool_super, eino_house_with_fridge, uniq_kirke
Lair:7:   beast_lair_carwin_large_3, slime_altar_2
Lair:8:   evilmike_catoblepas_cave, minivault_23, pond
Shoals:2: cheibrodos_shoals_roost, nicolae_shoals_hunting_party
Shoals:4: shoals_end_simple, shoal_ilsuiw
Snake:1:  cheibrodos_snake_lava_hold, uniq_aizul, uniq_louise, uniq_agnes
Snake:3:  grunt_megastairs_4, uniq_mara
Snake:4:  snake_pit, grunt_megastairs_3, uniq_norris, uniq_vashnia,
          uniq_saint_roka
Orc:1:    david_defended_altar_orc, uniq_erica
Orc:3:    basic_altar, nicolae_orc_pool_cavern
Orc:4:    grunt_orc_gardens, grunt_orc_garden, grunt_orc_garden,
          grunt_orc_garden, grunt_orc_garden, uniq_donald
Elf:1:    eino_elf_arrival_the_gate, minmay_elf_demonology
Elf:3:    minmay_elf_hall_x, abandoned_shop
Vaults:1: nicolae_vaults_angled_halls, v_pattern_3, v_misc_23,
          vaults_room_ringed_pool, hangedman_vaults_river_flow, v_misc_1,
          hangedman_vaults_cutoff, vaults_room_grunt_arrival_ludios,
          hangedman_vaults_maws, v_alt_pattern_4, vaults_dpeg_encased_lava,
          nicolae_vaults_little_squares_6, nicolae_vaults_rhombus_5,
          serial_shops, bzr_entry_safe
Vaults:2: ontoclasm_vaults_twist, grunt_vaults_twisty, hangedman_vaults_nodes,
          v_misc_11, vaults_mumra_minichess, v_alt_pattern_6, vaults_room_fours,
          uniq_wiglaf, uniq_boris
Vaults:3: v_misc_5, nicolae_vaults_little_squares_4,
          nicolae_vaults_know_your_exits, v_misc_3, hangedman_vaults_unwind,
          v_misc_13, vaults_mumra_lcd, hangedman_vaults_pinch, v_misc_1,
          minmay_crypt_entry_simple_box, ontoclasm_vaults_chip,
          vaults_dpeg_hooks
Vaults:4: nicolae_vaults_shelves_hall, v_pattern_1, v_rooms_3,
          hangedman_vaults_nails, st_lines, ontoclasm_vaults_claustrophobia,
          v_misc_26, grunt_vaults_diagonal, nicolae_vaults_little_squares_1,
          grunt_vaults_hallway_long, nicolae_vaults_yaktaur_gun_rack,
          hangedman_vaults_capsules, ontoclasm_vaults_ring_square,
          grunt_vaults_hallway_short
Depths:1: hell_entry, hangedman_abyss_or_decor_stagger, door_vault
Lab:      labyrinth_spiral, nicolae_lab_arrow, nicolae_lab_starburst,
          nicolae_lab_very_dead_end, nicolae_lab_grate_2, lab_statue,
          labyrinth_skeletal_remains, lab_fountain, nicolae_lab_grate
Bazaar:   bazaar_jpeg_ribbon

Action                   |  1- 3 |  4- 6 |  7- 9 | 10-12 | 13-15 | 16-18 | 19-21 || total
-------------------------+-------+-------+-------+-------+-------+-------+-------++-------
Melee: Dagger            |    64 |   125 |   207 |   464 |   134 |     1 |       ||   995
       Rapier            |       |       |       |   109 |   824 |  1296 |  1210 ||  3439
 Fire: Blowgun           |       |       |    16 |   133 |    48 |    32 |     3 ||   232
Throw: Tomahawk          |       |     7 |     3 |     7 |       |       |       ||    17
 Cast: Ensorcelled Hiber |    19 |    43 |   106 |    78 |    63 |   111 |   221 ||   641
       Corona            |     4 |     5 |    12 |    72 |    44 |    79 |    16 ||   232
       Confuse           |       |     1 |    15 |   125 |    52 |   170 |   120 ||   483
       Tukima's Dance    |       |     1 |     8 |   187 |    51 |   302 |   143 ||   692
       Dazzling Spray    |       |       |     9 |     6 |    61 |    15 |    76 ||   167
       Repel Missiles    |       |       |       |       |     1 |     2 |     1 ||     4
       Shroud of Golubri |       |       |       |       |       |     2 |     7 ||     9
       Cause Fear        |       |       |       |       |       |     3 |       ||     3
       Gell's Gravitas   |       |       |       |       |       |       |     5 ||     5
       Mephitic Cloud    |       |       |       |       |       |       |    16 ||    16
       Blink             |       |       |       |       |       |       |     3 ||     3
       Control Teleport  |       |       |       |       |       |       |     2 ||     2
Invok: Call Merchant     |       |       |       |       |     4 |       |       ||     4
 Abil: Evoke Invisibilit |       |       |     3 |    22 |    21 |     4 |    10 ||    60
Evoke: Wand              |       |       |       |     1 |    19 |    10 |       ||    30
       Rod               |       |       |       |       |       |    79 |    28 ||   107
       Fan of gales      |       |       |       |       |       |     1 |       ||     1
       Lamp of fire      |       |       |       |       |       |     1 |       ||     1
  Use: Scroll            |     3 |     7 |     8 |     8 |    13 |    15 |    13 ||    67
       Potion            |     2 |     1 |       |     4 |     4 |    10 |     6 ||    27
 Stab: Sleeping          |    23 |    47 |    78 |   128 |   153 |    76 |   148 ||   653
       Confused          |       |     2 |     6 |    20 |    14 |    30 |    49 ||   121
       Invisible         |       |       |    10 |    47 |   102 |    12 |    35 ||   206
       Distracted        |       |       |     5 |    19 |    17 |    37 |    38 ||   116
       Fleeing           |       |       |       |       |       |     2 |       ||     2
  Eat: Fruit             |       |     6 |       |    10 |     7 |     1 |       ||    24
       Pizza             |       |     1 |     2 |       |     3 |     5 |     2 ||    13
       Bread ration      |       |       |     1 |     4 |     2 |     5 |     3 ||    15
       Royal jelly       |       |       |       |     1 |     1 |       |     2 ||     4
